 Dungeon Crawl Stone Soup version 0.29-a0-356-g7bc237e783 (webtiles) character file.

Game seed: 7168465599757334620

36 spaghetti the Caller (level 3, -1/17 HPs)
             Began as a Vine Stalker Summoner on Apr 26, 2022.
             Succumbed to an adder's poison
             ... on level 2 of the Dungeon.
             The game lasted 00:03:56 (1812 turns).

spaghetti the Caller (Vine Stalker Summoner)        Turns: 1812, Time: 00:03:57

Health: -1/17      AC:  4    Str: 16    XL:     3   Next: 37%
Magic:  1/7        EV: 12    Int: 15    God:
Gold:   28         SH:  0    Dex: 14    Spells: 0/6 levels left

rFire   . . .      SeeInvis .   (no weapon)
rCold   . . .      Faith    .   (no shield)
rNeg    . . .      Spirit   +   a - +0 robe
rPois   .          Reflect  .   (no helmet)
rElec   .          Harm     .   (no cloak)
rCorr   .          Rampage  .   (no gloves)
Will    .....                   (no boots)
Stlth   ++........              (no amulet)
HPRegen 0.05/turn               d - +6 ring of strength
MPRegen 0.10/turn               (no ring)

@: lethally poisoned (-1 -> -7)
A: fangs 2, magic shield, antimagic bite, no potion heal 2, iridescent scales 1,
dopey 1, robust 1
a: no special abilities


You were on level 2 of the Dungeon.
You visited 1 branch of the dungeon, and saw 2 of its levels.

You collected 28 gold pieces.


Innate Abilities, Weirdness & Mutations

You have extremely sharp teeth.
When hurt, damage is shared between your health and your magic reserves.
Your bite disrupts and absorbs the magic of your enemies.
Potions cannot restore your health.
You are partially covered in iridescent scales. (AC +2)
You are dopey. (Int -2)
You are robust. (+10% HP)


   Skills:
 - Level 1.5 Dodging
 - Level 2.4 Stealth
 - Level 2.1 Spellcasting
 + Level 5.1 Summonings


You couldn't memorise any spells.
You knew the following spells:

 Your Spells              Type           Power      Damage    Failure   Level
a - Summon Small Mammal   Summ           68%        N/A       2%          1
b - Call Imp              Summ           17%        N/A       4%          2
c - Call Canine Familiar  Summ           17%        N/A       8%          3

Your spell library contained the following spells:

 Spells                   Type           Power      Damage    Failure   Level
 Summon Guardian Golem    Hex/Summ       9%         N/A       22%         3
 Gell's Gravitas          Tloc           1%         N/A       54%         3
 Lesser Beckoning         Tloc           1%         N/A       54%         3
 Teleport Other           Tloc           1%         N/A       54%         3
 Tukima's Dance           Hex            1%         N/A       54%         3
 Summon Lightning Spire   Summ/Air       9%         N/A       58%         4
 Passage of Golubria      Tloc           1%         N/A       91%         4
 Yara's Violent Unravell  Hex/Tmut       0%         3d3       99%         5

Inventory:

Hand Weapons
 c - a +0 dagger {short}
   (You took it off a goblin on level 1 of the Dungeon)
 e - a +0 dagger {short}
   (You found it on level 1 of the Dungeon)
 f - a +0 dagger {short}
   (You took it off a goblin on level 1 of the Dungeon)
 h - a +0 club {mace}
   (You took it off a goblin on level 1 of the Dungeon)
 k - a +0 dagger {short}
   (You took it off a kobold on level 1 of the Dungeon)
 l - a +0 dagger {short}
   (You found it on level 1 of the Dungeon)
 n - a +0 dagger {short}
   (You took it off a goblin on level 2 of the Dungeon)
 o - a +0 club {mace}
   (You took it off a goblin on level 1 of the Dungeon)
 p - a +0 club {mace}
   (You took it off a kobold on level 1 of the Dungeon)
Missiles
 g - 18 stones {throwing}
Armour
 a - a +0 robe (worn)
Jewellery
 d - a +6 ring of strength (left hand)
   (You found it on level 1 of the Dungeon)
 j - an amulet of the acrobat
   (You found it on level 1 of the Dungeon)
Scrolls
 m - a scroll of vulnerability {unknown}
Potions
 b - a potion of magic
 i - a potion of mutation {!q}

Dungeon Overview and Level Annotations

Branches:
Dungeon (2/15)

Altars:

#<# #.#
#.# #.#
#.# #.###
#รท..#####
#.......#
#..)..@5#
#....rS.#
#......"#
#.#.....#
#.#[....#
#.#.>...#
#.#.#...#
...###.#
...# +#


You could see an adder (ally target), a friendly crimson imp (summoned) and a
friendly quokka (summoned).


Message History

n - a +0 dagger {short} An adder comes into view.
An adder is nearby!
An adder is nearby!
The adder hisses angrily.
You hit the adder. The adder bites you but does no damage.
You miss the adder. You bite the adder. You drain its power.
The adder bites you. ๐Ÿ˜Ž MP[-1]
You lost 1 mp, and now have 6/7 mp.
You barely miss the adder. Your bite misses the adder.
The adder barely misses you. The adder bites you.
You are poisoned.
The adder poisons you! ๐Ÿ˜• HP[-3]
You take 3 damage, and now have 14/17 hp.
Casting: Call Canine Familiar (extremely dangerous; 8% risk of failure)
Confirm with . or Enter, or press ? or * to list all spells.
You feel sick. The adder bites you.
You are more poisoned.
The adder poisons you! ๐Ÿ˜ฎ HP[-2] MP[-1]
You take 2 damage, and now have 12/17 hp.
You lost 1 mp, and now have 5/7 mp.
Casting: Summon Small Mammal (safe; 2% risk of failure)
Confirm with . or Enter, or press ? or * to list all spells.
A beastly little devil appears in a puff of flame.
You feel very sick.
The adder closely misses you. ๐Ÿ˜ฎ HP[-3] MP[-2]
You take 3 damage, and now have 9/17 hp.
You lost 2 mp, and now have 3/7 mp.
Unknown command.
Okay, then.
You aren't carrying any items that you can evoke.
You swap places.
You feel sick.
The adder completely misses your quokka.
Your quokka closely misses the adder.
The adder barely misses your quokka.
You are seriously poisoned (9 -> 2).
Your movement speed is average.
Your attack delay is about 1.0.
Your base attributes are Str 10, Int 17, Dex 14.
* * * LOW HITPOINT WARNING * * *
You feel sick.
Your quokka closely misses the adder.
The adder bites your quokka.
Your crimson imp barely misses the adder. ๐Ÿ˜จ HP[-2]
You take 2 damage, and now have 7/17 hp.
You feel sick.
Your quokka barely misses the adder.
The adder bites your quokka.
Your quokka dies!
Your quokka's corpse disappears in a puff of smoke!
Your crimson imp blinks! ๐Ÿ˜จ HP[-1]
You take 1 damage, and now have 6/17 hp.
Casting: Call Imp (safe; 4% risk of failure)
Confirm with . or Enter, or press ? or * to list all spells.
A beastly little devil appears in a puff of flame.
Your crimson imp says, "Let's cause havoc!"
You feel sick.
Your crimson imp disappears in a puff of smoke! ๐Ÿ˜จ HP[-1] MP[-2]
You take 1 damage, and now have 5/17 hp.
You lost 2 mp, and now have 1/7 mp.
Casting: Call Imp (safe; 4% risk of failure)
Confirm with . or Enter, or press ? or * to list all spells.
You feel sick.
Your crimson imp closely misses the adder. ๐Ÿ˜ฑ HP[-1] MP[-1]
You take 1 damage, and now have 4/17 hp.
You lost 1 mp, and now have 0/7 mp.
You aren't carrying any items that you can evoke.
Okay, then.
Okay, then.
You are quite poisoned (4 -> 2).
Your movement speed is average.
Your attack delay is about 1.0.
Your base attributes are Str 10, Int 17, Dex 14.
Unknown command.
You hit the adder. Your bite misses the adder.
You feel sick. The adder barely misses you.
Your crimson imp closely misses the adder. ๐Ÿ˜ฑ HP[-1]
You take 1 damage, and now have 3/17 hp.
Unknown command.
Unknown command.
You miss the adder. Your punch misses the adder.
You feel sick.
You are no longer poisoned.
The adder bites you.
* * * LOW HITPOINT WARNING * * *
You are lethally poisoned!
The adder poisons you!
Your quokka barely misses the adder.
Your crimson imp hits the adder. ๐Ÿ˜ฑ HP[-2] MP[+1]
You take 2 damage, and now have 1/17 hp.
Unknown command.
Unknown command.
You are lethally poisoned (1 -> -5).
Your movement speed is average.
Your attack delay is about 1.0.
Your base attributes are Str 10, Int 17, Dex 14.
You hit the adder.
You die...

Skill      XL: |  1  2  3 |
---------------+----------+-----
Summonings     | 5 |  5.1
Dodging        | |  1.5
Stealth        | |  2.4
Spellcasting   | |  2.1

Action                   || total
-------------------------++-------
Melee: Unarmed           ||    69
       Bite              ||    18
 Cast: Summon Small Mamm ||    15
       Call Imp          ||     8
       Call Canine Famil ||     1
  Use: Potion            ||     2
 Stab: Distracted        ||     2
       Sleeping          ||     3
Armor: Robe              ||    15
Dodge: Dodged            ||    47

Levels and vault maps discovered:
D:1:      noname_arrival_rooms_in_the_neighbourhood, layout_loops_ring,
          palyth_stone_intersect
D:2:      layout_basic, basic_altar, chequers_serial_rivers_large_b

Notes
Turn   | Place    | Note
-------+----------+-------------------------------------------
     0 | D:1      | spaghetti the Vine Stalker Summoner began the quest for the
                  | Orb.
     0 | D:1      | Reached XP level 1. HP: 9/9 MP: 4/4
     0 | D:1      | magus.rc [v1.9.6]
   243 | D:1      | Reached XP level 2. HP: 9/13 MP: 3/6
   383 | D:1      | Learned a level 2 spell: Call Imp
   626 | D:1      | You pick up a book of Displacement and begin reading...
   626 | D:1      | You add the spells Lesser Beckoning, Gell's Gravitas and
                  | Teleport Other to your library.
   977 | D:1      | You add the spells Tukima's Dance, Passage of Golubria and
                  | Yara's Violent Unravelling to your library.
  1365 | D:1      | Reached XP level 3. HP: 15/16 MP: 5/7
  1369 | D:1      | Learned a level 3 spell: Call Canine Familiar
  1524 | D:2      | Gained mutation: You are dopey. (Int -2) [potion of
                  | mutation]
  1524 | D:2      | Gained mutation: You are robust. (+10% HP) [potion of
                  | mutation]
  1524 | D:2      | Gained mutation: You are partially covered in iridescent
                  | scales. (AC +2) [potion of mutation]
  1526 | D:2      | Reached skill level 5 in Summonings
  1543 | D:1      | HP: 4/17 [giant cockroach (1)]
  1809 | D:2      | HP: 4/17 [poisoned by an adder]
  1811 | D:2      | HP: 1/17 [adder (1)]
  1812 | D:2      | Succumbed to an adder's poison

Vanquished Creatures
  An endoplasm (D:1)
  2 giant cockroaches (D:1)
  3 goblins (D:1)
  A kobold (D:1)
  4 quokkas (D:1)
  2 bats (D:1)
  A frilled lizard (D:1)
14 creatures vanquished.

Vanquished Creatures (collateral kills)
  An adder (D:2)
  A ball python (D:1)
  A giant cockroach (D:1)
  2 goblins
  A hobgoblin (D:1)
  2 kobolds
8 creatures vanquished.

Grand Total: 22 creatures vanquished

Table legend:
 A = Non-vault XP
 B = Vault XP
 C = Vault XP percentage of total XP
 D = Non-vault monster count
 E = Vault monster count
 F = Vault count percentage of total count
                 A         B        C        D         E       F
            +---------+---------+-------+---------+---------+-------
      Total |      52 |       0 |   0.0 |      22 |       0 |   0.0
            +---------+---------+-------+---------+---------+-------
        D:1 |      36 |       0 |   0.0 |      19 |       0 |   0.0
        D:2 |      16 |       0 |   0.0 |       3 |       0 |   0.0
            +---------+---------+-------+---------+---------+-------

Illustrated notes

Table legend:
 A = Kills in this place as a percentage of kills in entire the game.
 B = Kills by you in this place as a percentage of kills by you in the entire game.
 C = Kills by friends in this place as a percentage of kills by friends in the entire game.
 D = Other kills in this place as a percentage of other kills in the entire game.
 E = Experience gained in this place as a percentage of experience gained in the entire game.
 F = Experience gained in this place divided by the number of levels of this place that you have seen.
                   A       B       C       D       E      F
               +-------+-------+-------+-------+-------+----------------------
         Total | 100.0 | 100.0 | 100.0 |   N/A | 100.0 |  26.0
       Dungeon | 100.0 | 100.0 | 100.0 |   N/A | 100.0 |  26.0
               +-------+-------+-------+-------+-------+----------------------

Table legend: (Time is in decaauts)
 A = Elapsed time spent in this place.
 B = Non-inter-level travel time spent in this place.
 C = Inter-level travel time spent in this place.
 D = Time resting spent in this place.
 E = Time spent auto-exploring this place.
 F = Levels seen in this place.
 G = Mean time per level.
                   A        B        C        D        E       F      G
               +--------+--------+--------+--------+--------+-----+--------+
         Total |   1812 |   1799 |     13 |    461 |   1094 |   2 |  906.0 |
       Dungeon |   1812 |   1799 |     13 |    461 |   1094 |   2 |  906.0 |
               +--------+--------+--------+--------+--------+-----+--------+

Top non-repeatable levels by time:
     D:1: 1765 daAuts
     D:2: 47 daAuts
